 Dungeon Crawl Stone Soup version 0.28-a0-655-g4eb62b627b (webtiles) character file.

Game seed: 10144276258223883026

273850 freelancePsychic the Warrior (level 21, -14/168 HPs)
             Began as a Djinni Cinder Acolyte on Oct 12, 2021.
             Was a High Priest of Ignis.
             Demolished by a nagaraja (22 damage)
             ... on level 4 of the Snake Pit on Oct 13, 2021.
             The game lasted 01:59:06 (35931 turns).

freelancePsychic the Warrior (DjCA)                Turns: 35931, Time: 01:59:07

Health: -14/168    AC: 18    Str: 10    XL:     21   Next: 15%
Gold:   2815       EV: 15    Int: 41    God:    Ignis [*****.] SH: 18 Dex: 13

rFire   + + +      SeeInvis .   b - staff of conjuration
rCold   . . .      Faith    .   V - +5 kite shield {AC+3}
rNeg    + . .      Spirit   .   N - +4 troll leather armour
rPois   ∞          Reflect  .   S - +3 hat of Pondering {ponderous, Will+ MP+10 Int+5}
rElec   .          Harm     .   k - +0 cloak of Xom's Pride {Int+4}
rCorr   +          Rampage  .   c - +2 pair of gloves
Will    +++..                   (boots unavailable)
Stlth   +.........              n - amulet of regeneration
HPRegen 2.38/turn               P - ring "Sielil" {*Slow rCorr Int+6 Dex+4}
MPRegen 0.00/turn               g - ring "Behum" {rPois rC+ rN+ MP+9 Str-3}

@: about to teleport, flying, constricted, studying 4 skills, slow
A: sickness immunity, fire resistance 2, cold vulnerability 1, float, innate
caster, hp casting, extra vitality 1, noise suppression
}: 2/15 runes: decaying, serpentine
a: Renounce Religion, Sea of Fire, Foxfire Swarm, Rising Flame


You were on level 4 of the Snake Pit.
You worshipped Ignis.
Ignis was extremely pleased with you.
You visited 6 branches of the dungeon, and saw 34 of its levels.
You visited the Abyss 1 time.
You also visited: Ossuary, Bailey and Gauntlet.

You collected 5090 gold pieces.
You spent 2275 gold pieces at shops.

Inventory:

Hand Weapons
 a - the +9 lance "Wyrmbane" {slay drac, rPois rF+ rC+ AC+3}
   (You took it off a deep elf sorcerer on level 3 of the Elven Halls)

   It inflicts extra damage against dragons and draconians.
   AC:        It affects your AC (+3).
   rF:        It protects you from fire.
   rC:        It protects you from cold.
   rPois:     It protects you from poison.
Missiles
 E - 3 throwing nets
Armour
 c - a +2 pair of gloves (worn)
 k - the +0 cloak of Xom's Pride (worn) {Int+4}
   (You acquired it on level 14 of the Dungeon)

   Int:       It affects your intelligence (+4).
 N - a +4 troll leather armour (worn)
 S - the +3 hat of Pondering (worn) {ponderous, Will+ MP+10 Int+5}
   (You took it off Gastronok on level 2 of the Lair of Beasts)

   Int:       It affects your intelligence (+5).
   MP:        It affects your magic capacity (+10).
   Will:      It increases your willpower.
 V - a +5 kite shield of protection (worn)
Magical Staves
 b - a staff of conjuration (weapon)
 i - a staff of death
Jewellery
 g - the ring "Behum" (right hand) {rPois rC+ rN+ MP+9 Str-3}
   (You found it in a Gauntlet)

   [ring of protection from cold]

   Str:       It affects your strength (-3).
   rC:        It protects you from cold.
   rPois:     It protects you from poison.
   rN:        It protects you from negative energy.
   MP:        It affects your magic capacity (+9).
 n - an amulet of regeneration (around neck)
 P - the ring "Sielil" (left hand) {*Slow rCorr Int+6 Dex+4}
   (You took it off a deep elf zephyrmancer on level 3 of the Elven Halls)

   [ring of intelligence]

   Int:       It affects your intelligence (+6).
   Dex:       It affects your dexterity (+4).
   rCorr:     It protects you from acid and corrosion.
   *Slow:     It may slow you when you take damage.
 Z - the ring "Fetier" {rCorr EV+4}
   (You acquired it on level 12 of the Dungeon)

   [ring of evasion]

   EV:        It affects your evasion (+4).
   rCorr:     It protects you from acid and corrosion.
Wands
 j - a wand of iceblast (28)
 q - a wand of digging (7)
 u - a wand of paralysis (17)
 y - a wand of acid (39)
 D - a wand of polymorph (51)
 H - a wand of flame (91)
 R - a wand of charming (5)
 U - a wand of mindburst (11)
Scrolls
 d - 3 scrolls of immolation
 e - 6 scrolls of fog
 l - a scroll of holy word
 m - 5 scrolls of vulnerability
 w - 10 scrolls of identify {@r1}
 x - 2 scrolls of summoning
 G - 7 scrolls of enchant armour
 I - 6 scrolls of enchant weapon
 J - 6 scrolls of magic mapping
 L - 3 scrolls of brand weapon
 M - a scroll of fear
 Q - 7 scrolls of teleportation {@r4}
 T - a scroll of silence
Potions
 f - 2 potions of heal wounds {@q2}
 h - 9 potions of lignification
 o - 3 potions of brilliance
 p - 5 potions of berserk rage
 r - 2 potions of ambrosia
 s - 7 potions of degeneration
 v - 4 potions of cancellation
 z - 3 potions of mutation
 A - 4 potions of resistance
 B - 5 potions of might
 C - 7 potions of curing {@q1}
 F - 3 potions of flight
 K - 6 potions of attraction
 X - 6 potions of haste {@q3}
Miscellaneous
 t - a phantom mirror
 W - a phial of floods
 Y - a lightning rod (4/4)


   Skills:
 + Level 20.1 Fighting
 - Level 2.6 Short Blades
 + Level 8.5 Polearms
 - Level 15.6 Dodging
 - Level 15.0 Shields
 + Level 18.2 Spellcasting
 - Level 8.0 Evocations


You had 8 spell levels left.
You knew the following spells:

 Your Spells              Type           Power      Damage    Failure   Level
a - Borgnjor's Vile Clut  Necr/Erth      56%        N/A       0%          5
b - Orb of Destruction    Conj           68%        9d18      1%          7
c - Static Discharge      Conj/Air       100%       N/A       0%          2
d - Swiftness             Air            100%       N/A       0%          3
e - Fulminant Prism       Conj/Hex       68%        3d28      0%          4
f - Maxwell's Capacitive  Air            56%        ∞         3%          8
g - Eringya's Noxious Bo  Tmut/Pois      56%        N/A       1%          6
h - Dispersal             Tloc           56%        N/A       1%          6
i - Scorch                Fire           100%       2d10      0%          2
j - Apportation           Tloc           100%       N/A       0%          1
k - Ice Form              Ice/Tmut       100%       N/A       0%          4
Your spell library was empty.

Dungeon Overview and Level Annotations

Branches:
Dungeon (15/15) Temple (0/1) D:7 Lair (6/6) D:11 Swamp (4/4) Lair:4 Snake (4/4) Lair:2 Slime (0/5) Lair:5 Orc (2/2) D:11 Elf (3/3) Orc:2 Vaults (0/5) D:12 D:13 Depths (0/4) D:15 Ossuary (visited) Bailey (visited) Gauntlet (visited)

Altars:
Hepliaklqana
Ru
Sif Muna
Trog
Vehumet
Wu Jian
Beogh
Jiyva
Lugonu

Shops:
D:14 *?:*[   Orc:2 :((=   Snake:2 =

Portals:
Abyss: Lair:6

Annotations:
D:3 3 runed translucent doors, MisterAzrael's ghost, weakling DECj
D:10 Harold
Snake:4 1 runed translucent door, Strat's ghost, adept DrCA
Elf:2 3 runed translucent doors


Innate Abilities, Weirdness & Mutations

You are immune to sickness and miasma.
You are immune to poison.
Your flesh is very heat resistant. (rF++)
You are vulnerable to cold. (rC-)
You float through the air rather than walking.
You learn spells naturally, not from books.
Your magical power is your life essence.
You have superior vitality. (+4 HP)
You passively dampen the noise of your surroundings.


Message History

As you read the scroll of teleportation {@r4}, it crumbles to dust.
You feel strangely unstable.
Your noxious spew wanes.
The guardian serpent seems to regain its courage. x2
The guardian serpent closely misses you.
The naga warrior hits you with a +0 flail!!!
You block the naga warrior's attack.
You block the guardian serpent's attack.
The nagaraja completely misses you. The nagaraja grabs you.
The nagaraja constricts you.
You block the guardian serpent's attack.
The nagaraja hits you with a +0 whip!!
The nagaraja hits you with a +0 whip of venom!!
* * * LOW HITPOINT WARNING * * *
As you read the scroll of fear, it crumbles to dust.
You assume a fearsome visage.
The naga mage resists with almost no effort.
The naga warrior resists with some effort.
The sea snake looks frightened!
The guardian serpent looks frightened!
The sea snake looks frightened!
The nagaraja easily resists.
The guardian serpent looks frightened!
The naga warrior resists with some effort.
The nagaraja resists with almost no effort. x2
You block the guardian serpent's attack.
The naga warrior spits poison at you. The splash of poison misses you.
The splash of poison hits the guardian serpent.
Flame seeps out of the guardian serpent.
The naga warrior's attack snaps the guardian serpent out of its fear.
The naga warrior hits you with a +0 halberd!!
* * * LOW HITPOINT WARNING * * *
You block the nagaraja's attack. The nagaraja constricts you!
* * * LOW HITPOINT WARNING * * *
The guardian serpent is engulfed in blazing flames.
Flame seeps out of the guardian serpent.
The guardian serpent closely misses you.
The nagaraja gestures wildly while chanting.
The nagaraja seems to speed up.
The nagaraja hits you with a +0 whip of venom!!
You die...

##....##.###.#
.≈≈≈≈≈≈.≈##.....##.....#
≈..≈≈≈≈≈.##......#.......
#≈≈S..≈≈≈.#≈≈.....+.≈≈≈≈≈.
#≈≈..N....#≈≈.....#.†≈≈≈))
#≈≈...≈≈≈.#≈≈.....):)≈)≈≈.
#≈..≈≈≈≈≈.##......#.).....
#..≈≈≈≈≈NN≈##.....##.....#
#.≈≈≈S≈N@S≈##....##.###.#
#.≈≈≈§§.NN≈≈#.#.####...##
#...§§§§§≈≈##...## #####
##.≈≈§§§≈≈≈#.#.#.#
###≈≈.≈#####...## #≈.S##
###...# ##..# ##....##
#..###....## ##.....####


You could see 2 naga warriors, 3 nagarajas, a sea snake (inner flame, fleeing),
3 guardian serpents and a naga mage (strong).

Vanquished Creatures
  Nikola (Snake:4)
  A bone dragon (Abyss:2)
  A tentacled monstrosity (Swamp:3)
  Jorgrun (Elf:2)
  Rupert (D:13)
  A deep elf blademaster (Elf:3)
  2 deep elf master archers (Elf:3)
  Frances (Swamp:2)
  3 tentacled starspawn (Abyss:2)
  Gastronok (Lair:2)
  The ghost of Tamablel the Severer, an adept DsBe of Trog (Snake:2)
  Kirke (D:12)
  Agnes (D:15)
  2 thorn hunters
  An orc warlord (Orc:2)
  A nagaraja (Snake:4)
  The ghost of Pamett the Fighter, an adept VSBe of Trog (Snake:2)
  Aizul (Snake:4)
  7 deep elf sorcerers
  Nessos (Orc:2)
  The ghost of Icun the Thaumaturge, a journeyman GnWr of Okawaru (Snake:2)
  3 ghouls (Swamp:4)
  A deep elf elementalist (Elf:3)
  A quicksilver ooze (Gauntlet)
  A stone giant (D:15)
  The ghost of mordus the Thaumaturge, a journeyman DjCj of Makhleb (Lair:1)
  5 deep elf annihilators (Elf:3)
  4 bunyips
  An eidolon (Abyss:2)
  3 eleionomae (Swamp:2)
  5 deep elf death magi (Elf:3)
  Josephine (Orc:1)
  6 deep elf high priests
  13 naga warriors
  A shambling mangrove (Swamp:4)
  29 hydras
  5 anacondas
  3 boulder beetles
  3 ghost crabs
  2 catoblepae
  7 centaur warriors
  4 two-headed ogres
  4 tengu warriors (D:15)
  14 alligators
  10 dancing weapons
  5 death yaks (Lair:5)
  6 shock serpents
  6 thrashing horrors
  4 orc high priests
  5 naga sharpshooters
  A fire crab (Gauntlet)
  4 goliath frogs
  9 deep elf knights
  A wretched star (Abyss:2)
  A skeletal warrior (D:13)
  9 sea snakes (Snake:4)
  5 salamander mystics
  6 spriggan druids
  9 swamp dragons
  8 naga ritualists
  A glowing orange brain (Abyss:2)
  A wizard (Swamp:3)
  A death drake (Abyss:2)
  4 bog bodies
  17 deep elf archers
  32 deep elf zephyrmancers
  3 lindwurms (Swamp:4)
  Pikel (D:5)
  11 orc knights
  3 wolf spider zombies (D:11)
  11 mana vipers
  19 deep elf pyromancers
  An oklob plant (Lair:5)
  2 cyclopes
  3 will-o-the-wisps (Swamp:4)
  3 ugly things (D:14)
  13 salamanders
  A manticore (D:13)
  5 orc sorcerers
  6 elephants (Lair:5)
  A worldbinder (Abyss:2)
  Joseph (D:7)
  An eye of devastation (shapeshifter) (Elf:2)
  7 guardian serpents
  32 black mambas
  A torpor snail (Lair:5)
  7 naga magi
  4 smoke demons
  Psyche (D:12)
  2 rime drakes
  14 cane toads
  4 efreet
  2 tengu conjurers (D:14)
  5 yaktaurs (D:15)
  2 hellwings
  4 ancient zymes
  A troll (shapeshifter) (D:14)
  A polar bear (Lair:5)
  6 trolls
  11 tyrant leeches
  9 hornets
  A harpy skeleton (D:11)
  14 blink frogs (Lair:6)
  12 slime creatures
  3 air elementals
  11 spriggans
  2 shadows
  2 wyverns
  4 ynoxinuls
  4 water elementals
  52 yaks
  A vampire (D:13)
  6 large abominations
  6 wraiths
  A centaur simulacrum (D:14)
  3 fire elementals
  10 basilisks
  3 fire bats (Gauntlet)
  3 hogs (D:12)
  16 humans
  A golden eye (Abyss:2)
  4 chaos spawn
  7 vampire mosquitoes
  13 swamp worms
  28 nagas
  9 wargs
  20 water moccasins
  Menkaure (D:7)
  An acid dragon (D:13)
  6 swamp drakes
  4 black bears
  3 ice beasts
  52 orc warriors
  4 necrophages
  14 ogres
  14 centaurs
  20 wolves
  3 phantoms
  12 small abominations
  A kobold brigand (D:10)
  A lemure (D:5)
  11 bullfrogs
  An elf zombie (Ossuary)
  5 scorpions
  A gnoll sergeant (D:13)
  A wyvern zombie (D:6)
  3 earth elementals (Elf:2)
  A wyvern skeleton (D:7)
  2 water moccasin zombies (D:5)
  11 killer bees
  A water moccasin skeleton (D:6)
  14 wights
  5 electric eels
  A howler monkey (D:5)
  15 centaur zombies
  23 orc priests
  A bullfrog skeleton (D:5)
  6 centaur skeletons
  7 hounds
  4 jellies
  A gnoll shaman (D:8)
  3 human zombies (Ossuary)
  3 iguanas
  Terence (D:2)
  14 orc wizards
  A killer bee zombie (D:7)
  A hound skeleton (D:4)
  3 mummies (Ossuary)
  A howler monkey skeleton (D:5)
  5 adders
  13 gnolls
  4 shadow imps (D:11)
  3 white imps
  4 worms
  3 dart slugs
  130 orcs
  7 endoplasms
  7 giant cockroaches
  5 hobgoblins
  10 kobolds
  4 quokkas
  9 ball pythons
  6 bats
  4 frilled lizards
  10 goblins
  5 rats
  A spectral orc (D:13)
  2 briar patches (Swamp:1)
  3 starspawn tentacles (Abyss:2)
1239 creatures vanquished.

Vanquished Creatures (collateral kills)
  3 deep elf blademasters (Elf:3)
  Louise (Elf:1)
  A deep elf sorcerer (Elf:1)
  An orc high priest (Orc:2)
  A deep elf zephyrmancer (Elf:1)
  6 orc priests (Orc:2)
  An orc wizard (Orc:2)
  6 orcs (Orc:2)
20 creatures vanquished.

Vanquished Creatures (others)
  2 deep elf elementalists (Elf:3)
  2 deep elf death magi (Elf:3)
  5 deep elf knights (Elf:3)
  2 sea snakes (Snake:4)
  A naga ritualist (Snake:3)
  2 deep elf archers (Elf:3)
  2 deep elf zephyrmancers (Elf:3)
  A deep elf pyromancer (Elf:3)
  2 black mambas (Snake:4)
  A guardian serpent (Snake:4)
  4 nagas (Snake:4)
  6 foxfires (Swamp:4)
  127 fulminant prisms
  32 fungi
  47 plants
  4 starspawn tentacles (Abyss:2)
  6 withered plants
246 creatures vanquished.

Grand Total: 1505 creatures vanquished

Notes
Turn   | Place    | Note
-------+----------+-------------------------------------------
     0 | D:1      | freelancePsychic the Djinni Cinder Acolyte began the quest
                  | for the Orb.
     0 | D:1      | Reached XP level 1. HP: 20/20 MP: 0/0
   177 | D:1      | Found a faded altar of an unknown god.
   467 | D:1      | Reached XP level 2. HP: 24/25 MP: 0/0
   974 | D:2      | Found a hazy altar of Hepliaklqana.
   978 | D:2      | Reached XP level 3. HP: 20/30 MP: 0/0
   978 | D:2      | Learned a level 1 spell: Apportation
  1455 | D:2      | Noticed Terence
  1464 | D:2      | Killed Terence
  1465 | D:2      | Reached XP level 4. HP: 2/36 MP: 0/0
  2975 | D:3      | Reached skill level 4 in Fighting
  2975 | D:3      | Reached XP level 5. HP: 33/41 MP: 0/0
  2975 | D:3      | Learned a level 2 spell: Static Discharge
  3196 | D:3      | Found a runed translucent gate.
  3196 | D:3      | Found a runed translucent gate.
  3196 | D:3      | Found a runed translucent gate.
  3852 | D:3      | Noticed MisterAzrael's ghost (weakling DECj)
  4320 | D:3      | Noticed an ice beast
  4327 | D:3      | Killed an ice beast
  4328 | D:3      | Reached XP level 6. HP: 5/48 MP: 0/0
  4845 | D:4      | Noticed an ice beast
  5415 | D:4      | Reached XP level 7. HP: 49/53 MP: 0/0
  5415 | D:4      | Learned a level 3 spell: Swiftness
  5620 | D:4      | Reached skill level 5 in Fighting
  5620 | D:4      | Reached skill level 5 in Spellcasting
  6178 | D:5      | Entered Level 5 of the Dungeon
  6235 | D:5      | Noticed Pikel
  6482 | D:5      | Killed Pikel
  6483 | D:5      | Reached skill level 6 in Fighting
  6483 | D:5      | Reached XP level 8. HP: 50/61 MP: 0/0
  6547 | D:5      | Identified the +3 scale mail of Indemnity {+Blink Fly}
  6802 | D:5      | Reached XP level 9. HP: 63/67 MP: 0/0
  6802 | D:5      | Learned a level 4 spell: Ice Form
  7378 | D:6      | Reached skill level 7 in Fighting
  7847 | D:6      | Reached XP level 10. HP: 66/75 MP: 0/0
  7849 | D:6      | Reached skill level 5 in Evocations
  8057 | D:7      | Found a staircase to the Ecumenical Temple.
  8155 | D:7      | Noticed Joseph
  8165 | D:7      | Killed Joseph
  8166 | D:7      | Reached skill level 8 in Fighting
  8166 | D:7      | Reached skill level 1 in Dodging
  8181 | D:7      | Found a sand-covered staircase.
  8204 | Ossuary  | Entered an ossuary
  8607 | D:7      | Noticed Menkaure
  8613 | D:7      | Killed Menkaure
  8658 | D:7      | Found a bloodstained altar of Trog.
  8785 | D:7      | Identified the +0 ring mail of Ajomugid {Int+4 Stlth+}
  8867 | D:8      | Found a flagged portal.
  8876 | Bailey   | Entered a bailey
  9132 | Bailey   | Noticed an orc knight
  9150 | Bailey   | Killed an orc knight
  9151 | Bailey   | Reached XP level 11. HP: 61/82 MP: 0/0
  9151 | Bailey   | Learned a level 4 spell: Fulminant Prism
  9194 | Bailey   | Acquired a staff of conjuration
  9256 | Bailey   | Noticed an orc knight
  9256 | Bailey   | Noticed an orc knight
  9276 | Bailey   | Killed an orc knight
  9277 | Bailey   | Reached skill level 9 in Fighting
  9304 | Bailey   | Killed an orc knight
  9305 | Bailey   | Reached skill level 5 in Dodging
  9444 | D:8      | Reached skill level 10 in Spellcasting
  9971 | D:9      | Noticed a boulder beetle
 10094 | D:10     | Entered Level 10 of the Dungeon
 10377 | D:10     | Reached skill level 10 in Fighting
 10377 | D:10     | Reached XP level 12. HP: 88/91 MP: 0/0
 10500 | D:10     | Noticed Harold
 10897 | D:11     | Noticed a six-headed hydra
 10905 | D:11     | Killed a six-headed hydra
 10916 | D:11     | Noticed a centaur warrior
 10943 | D:11     | Found a gate leading to a gauntlet.
 10981 | Gauntlet | Entered a Gauntlet
 10981 | Gauntlet | Found a transporter.
 10991 | Gauntlet | Noticed a fire crab
 10993 | Gauntlet | Found a transporter.
 10996 | Gauntlet | Found a transporter.
 10997 | Gauntlet | Found a transporter.
 10999 | Gauntlet | Noticed a fire crab
 11005 | Gauntlet | Found a transporter.
 11008 | Gauntlet | Found a transporter.
 11009 | Gauntlet | Found a transporter.
 11019 | Gauntlet | Found a transporter.
 11021 | Gauntlet | Found a transporter.
 11022 | Gauntlet | Found a transporter.
 11022 | Gauntlet | Noticed a quicksilver ooze
 11025 | Gauntlet | Noticed a death scarab
 11031 | Gauntlet | Noticed a death scarab
 11033 | Gauntlet | Found a transporter.
 11033 | Gauntlet | Found a transporter.
 11034 | Gauntlet | Found a transporter.
 11040 | Gauntlet | Found a runed translucent gate.
 11040 | Gauntlet | Found a runed translucent gate.
 11040 | Gauntlet | Found a runed translucent gate.
 11042 | Gauntlet | Found a transporter.
 11138 | Gauntlet | Gained mutation: You passively dampen the noise of your
                  | surroundings. [potion of mutation]
 11143 | Gauntlet | Identified the ring "Behum" {rPois rC+ rN+ MP+9 Str-3}
 11184 | Gauntlet | Killed a fire crab
 11217 | Gauntlet | Identified the +2 hat "Myunocwi" {Str+3 Int+4}
 11243 | Gauntlet | Killed a quicksilver ooze
 11295 | Gauntlet | Noticed a minotaur
 11423 | D:9      | Killed a boulder beetle
 11424 | D:9      | Reached skill level 11 in Fighting
 11461 | D:9      | Reached skill level 1 in Shields
 11958 | D:11     | Noticed a two-headed ogre
 11985 | D:11     | Found a staircase to the Orcish Mines.
 11997 | D:11     | Reached XP level 13. HP: 92/99 MP: 0/0
 11997 | D:11     | Learned a level 5 spell: Borgnjor's Vile Clutch
 12012 | D:11     | Found a staircase to the Lair.
 12048 | D:11     | Killed a centaur warrior
 12594 | Lair:1   | Entered Level 1 of the Lair of Beasts
 12686 | Lair:1   | Found a runed translucent door.
 12686 | Lair:1   | Noticed mordus's ghost (journeyman DjCj)
 13776 | Lair:2   | Found a staircase to the Snake Pit.
 13994 | Lair:2   | Reached skill level 12 in Fighting
 14004 | Lair:2   | Noticed a five-headed hydra
 14010 | Lair:2   | Killed a five-headed hydra
 14039 | Lair:2   | Noticed Gastronok
 14050 | Lair:2   | Killed Gastronok
 14365 | Lair:3   | Noticed an eight-headed hydra
 14370 | Lair:3   | Killed an eight-headed hydra
 14395 | Lair:3   | Noticed a six-headed hydra
 14399 | Lair:3   | Killed a six-headed hydra
 14623 | Lair:3   | Identified the +3 chain mail of Infinity {rN++}
 15330 | Lair:4   | Found a staircase to the Swamp.
 15389 | Lair:4   | Noticed a catoblepas
 15397 | Lair:4   | Killed a catoblepas
 15398 | Lair:4   | Reached XP level 14. HP: 75/108 MP: 0/0
 15422 | Lair:4   | Found a sacrificial altar of Ru.
 16170 | Lair:5   | Found a viscous altar of Jiyva.
 16170 | Lair:5   | Found a staircase to the Slime Pits.
 16355 | Lair:5   | Reached skill level 13 in Fighting
 16467 | Lair:5   | Reached skill level 10 in Dodging
 17047 | Lair:6   | Entered Level 6 of the Lair of Beasts
 17501 | Lair:6   | Reached XP level 15. HP: 115/116 MP: 0/0
 17501 | Lair:6   | Learned a level 6 spell: Dispersal
 18030 | Lair:6   | Reached skill level 14 in Fighting
 18154 | Lair:6   | Found a corrupted altar of Lugonu.
 18154 | Lair:6   | Found a one-way gate to the infinite horrors of the Abyss.
 18415 | Lair:1   | Killed mordus's ghost
 18418 | Lair:1   | Acquired a manual of Shields
 18472 | Orc:1    | Entered Level 1 of the Orcish Mines
 18495 | Orc:1    | Noticed Josephine
 18505 | Orc:1    | Killed Josephine
 18506 | Orc:1    | Reached skill level 5 in Shields
 19030 | Orc:2    | Entered Level 2 of the Orcish Mines
 19652 | Orc:2    | Found Ucziaczo's Jewellery Emporium.
 19667 | Orc:2    | Found Buetes's Antique Weapon Shoppe.
 19949 | Orc:2    | Found a staircase to the Elven Halls.
 20083 | Orc:2    | Noticed an orc warlord
 20084 | Orc:2    | Noticed Nessos
 20112 | Orc:2    | Killed an orc warlord
 20143 | Orc:2    | Killed Nessos
 20243 | Orc:2    | Found Ogotepp's Book Emporium.
 20272 | Orc:2    | Reached XP level 16. HP: 98/123 MP: 0/0
 20321 | Orc:2    | Found Isojurphi's Antique Weapon Shop.
 21064 | D:12     | Reached skill level 10 in Shields
 21213 | D:12     | Acquired the ring "Fetier" {rCorr EV+4}
 21357 | D:12     | Noticed Kirke
 21419 | D:12     | Killed Kirke
 21476 | D:12     | Noticed Psyche
 21481 | D:12     | Killed Psyche
 21796 | D:13     | Noticed Rupert
 21796 | D:13     | Found a gate to the Vaults.
 21851 | D:13     | Killed Rupert
 22050 | D:13     | Found a hazy altar of Hepliaklqana.
 22702 | D:14     | Found Tavvoac's Book Shoppe.
 22752 | D:14     | Found Totilun Lau's Assorted Antiques.
 22758 | D:14     | Bought a potion of haste for 290 gold pieces
 22805 | D:14     | Found Pyxt's Magic Scroll Shop.
 22815 | D:14     | Bought a scroll of enchant armour for 112 gold pieces
 22815 | D:14     | Bought a scroll of enchant armour for 112 gold pieces
 22815 | D:14     | Bought a scroll of enchant armour for 112 gold pieces
 22815 | D:14     | Acquired a manual of Unarmed Combat
 22817 | D:14     | Acquired the +0 cloak of Xom's Pride {Int+4}
 22861 | D:14     | Found an ornate altar of the Wu Jian Council.
 22993 | D:14     | Found Jagguexi's Assorted Antiques.
 23002 | D:14     | Bought a potion of heal wounds for 170 gold pieces
 23002 | D:14     | Bought a phantom mirror for 1360 gold pieces
 23002 | D:14     | Bought a scroll of immolation for 119 gold pieces
 23136 | D:14     | Found Yjuhaama's Antique Armour Shoppe.
 23287 | D:15     | Entered Level 15 of the Dungeon
 23287 | D:15     | Noticed Agnes
 23292 | D:15     | Killed Agnes
 23308 | D:15     | Reached skill level 15 in Dodging
 23610 | D:15     | Found a staircase to the Depths.
 24019 | Elf:1    | Entered Level 1 of the Elven Halls
 24082 | Elf:1    | Reached XP level 17. HP: 123/129 MP: 0/0
 24082 | Elf:1    | Learned a level 6 spell: Eringya's Noxious Bog
 24102 | Elf:1    | Paralysed by an air elemental for 1 turns
 24104 | Elf:1    | Paralysed by an air elemental for 1 turns
 24168 | Elf:1    | Noticed Louise
 24174 | Elf:1    | Killed Louise
 24370 | Elf:1    | Reached skill level 15 in Shields
 24900 | Elf:2    | Reached skill level 15 in Spellcasting
 24952 | Elf:2    | Identified the +0 robe of Dithmenos's Approval {Str+4}
 25019 | Elf:2    | Paralysed by an air elemental for 1 turns
 25021 | Elf:2    | Paralysed by an air elemental for 1 turns
 25129 | Elf:2    | Noticed Jorgrun
 25129 | Elf:2    | Paralysed by an air elemental for 1 turns
 25224 | Elf:2    | Killed Jorgrun
 25474 | Elf:2    | Found a runed translucent gate.
 25474 | Elf:2    | Found a runed translucent gate.
 25474 | Elf:2    | Found a runed translucent gate.
 25774 | Elf:3    | Entered Level 3 of the Elven Halls
 26560 | Elf:3    | Reached XP level 18. HP: 135/135 MP: 0/0
 26681 | Elf:3    | Cast into level 2 of the Abyss (a deep elf sorcerer)
 26712 | Abyss:2  | Noticed a bone dragon
 26732 | Abyss:2  | Killed a bone dragon
 27249 | Elf:3    | Escaped the Abyss
 27291 | Elf:3    | Noticed a deep elf blademaster
 27296 | Elf:3    | Killed a deep elf blademaster
 27431 | Elf:3    | Noticed a deep elf master archer
 27432 | Elf:3    | Noticed a deep elf master archer
 27442 | Elf:3    | Killed a deep elf master archer
 27445 | Elf:3    | Killed a deep elf master archer
 27453 | Elf:3    | Reached skill level 15 in Fighting
 27470 | Elf:3    | Noticed a deep elf blademaster
 27475 | Elf:3    | Killed a deep elf blademaster
 27488 | Elf:3    | Identified the +9 flail of Plague {flame, *Rage +Blink
                  | Will+++ Int+2}
 27537 | Elf:3    | Noticed a deep elf blademaster
 27539 | Elf:3    | Noticed a deep elf blademaster
 27543 | Elf:3    | Killed a deep elf blademaster
 27545 | Elf:3    | Killed a deep elf blademaster
 27731 | Elf:3    | Identified the +3 glaive of the Jester {pain, rF+ Will+
                  | Str+2 Int+4}
 27731 | Elf:3    | Identified the ring "Sielil" {*Slow rCorr Int+6 Dex+4}
 27780 | Elf:3    | Identified the +4 great sword of Animal Spirits {venom,
                  | *Noise *Slow rElec Dex+6 SInv}
 27796 | Elf:3    | Identified the amulet of Leaves {RegenMP +Blink rF+ Will+
                  | Dex-3}
 27830 | Elf:3    | Identified the +8 quarterstaff of Makhleb {vorpal, rPois}
 27830 | Elf:3    | Identified the amulet "Zuamn" {rPois Regen+ Str-5 Int+2
                  | Dex+2}
 27847 | Elf:3    | Reached skill level 1 in Polearms
 27898 | Elf:3    | Found the +6 arbalest "Damnation" {damnation}
 27920 | Elf:3    | Identified the +5 war axe of Joyful Slaughter {antimagic,
                  | Will++ Int+4 Dex+5}
 28342 | Swamp:1  | Entered Level 1 of the Swamp
 28354 | Swamp:1  | Reached XP level 19. HP: 144/144 MP: 0/0
 28354 | Swamp:1  | Learned a level 7 spell: Orb of Destruction
 29041 | Swamp:2  | Reached skill level 16 in Fighting
 29077 | Swamp:2  | Noticed Frances
 29081 | Swamp:2  | Killed Frances
 29834 | Swamp:3  | Noticed a tentacled monstrosity
 29837 | Swamp:3  | Killed a tentacled monstrosity
 30113 | Swamp:3  | Reached skill level 17 in Fighting
 30418 | Swamp:3  | Reached skill level 5 in Polearms
 30471 | Swamp:4  | Entered Level 4 of the Swamp
 30816 | Swamp:4  | Got a decaying rune of Zot
 30866 | Swamp:4  | Reached XP level 20. HP: 90/157 MP: 0/0
 30946 | Swamp:4  | Reached skill level 18 in Fighting
 31125 | Swamp:4  | Acquired 981 gold pieces
 31365 | Snake:1  | Entered Level 1 of the Snake Pit
 33016 | Snake:2  | Found Marut's Jewellery Emporium.
 33510 | Snake:2  | Reached skill level 19 in Fighting
 33700 | Snake:2  | Found a runed translucent gate.
 33700 | Snake:2  | Found a runed translucent gate.
 33700 | Snake:2  | Found a runed translucent gate.
 33701 | Snake:2  | Noticed Icun's ghost (journeyman GnWr)
 33702 | Snake:2  | Noticed Tamablel's ghost (adept DsBe)
 33703 | Snake:2  | Noticed Pamett's ghost (adept VSBe)
 33714 | Snake:2  | Killed Tamablel's ghost
 33718 | Snake:2  | Killed Pamett's ghost
 33722 | Snake:2  | Killed Icun's ghost
 34674 | Snake:4  | Entered Level 4 of the Snake Pit
 34732 | Snake:4  | Noticed Nikola
 34773 | Snake:4  | Killed Nikola
 35116 | Snake:4  | Noticed Aizul
 35119 | Snake:4  | Killed Aizul
 35129 | Snake:4  | Reached XP level 21. HP: 162/167 MP: 0/0
 35129 | Snake:4  | Learned a level 8 spell: Maxwell's Capacitive Coupling
 35252 | Snake:4  | Found a runed translucent door.
 35253 | Snake:4  | Noticed Strat's ghost (adept DrCA)
 35813 | Snake:4  | Reached skill level 20 in Fighting
 35929 | Snake:4  | Got a serpentine rune of Zot
 35931 | Snake:4  | HP: 8/168 [constriction (7)]
 35931 | Snake:4  | Demolished by a nagaraja

Illustrated notes

Levels and vault maps discovered:
D:1:      wheals_arrival_shading, layout_rooms,
          hellmonk_ecumenical_altar_pennies_from_heaven, minmay_unequal
D:2:      minmay_razor_zed, layout_basic, basic_altar,
          chequers_serial_rivers_micro_b, grunt_ministairs_11,
          interstate_on_off, uniq_terence
D:3:      layout_basic, gammafunk_ghost_icy, amethyst_killhole
D:4:      layout_layer_cave
D:5:      minmay_polygon_palace, layout_basic, kennysheep_flooded_box,
          uniq_pikel
D:6:      layout_basic, nicolae_sextant
D:7:      layout_rooms, lightli_temple_of_fire, minmay_temple_entry_large_hall,
          nicolae_ossuary_entry_monument, uniq_joseph, uniq_menkaure
D:8:      layout_rooms, enter_bailey_6
D:9:      layout_basic, minmay_misc_feat_chi
D:10:     layout_loops_cross, uniq_harold
D:11:     cheibrodos_grave_circle, layout_stronghold,
          grunt_lair_entry_orc_guard_hut, orc_0_dummy, gauntlet_entry_generic
D:12:     layout_grid_maze, uniq_kirke, uniq_psyche
D:13:     layout_loops_ring, david_vaults_3,
          nicolae_hepliaklqana_monster_ancestors
D:14:     layout_loops_ring, serial_shops, shop, shop_statue,
          nicolae_shop_trees, nicolae_lakefront_shop,
          nicolae_shop_overgrown_old_shop, lemuel_doored_altar
D:15:     grunt_enter_depths_snipers, layout_cave_pools, uniq_agnes
Lair:1:   beast_lair_carwin_large_4, layout_cave_pods,
          hellmonk_ghost_happy_afterlife
Lair:2:   layout_chaotic_city, minmay_snake_entry_six_corridors,
          grunt_megastairs_5, uniq_gastronok
Lair:3:   layout_cave_pods
Lair:4:   layout_cave_pods, minmay_swamp_entry_eels, basic_altar
Lair:5:   layout_regular_city, slime_altar_1, lemuel_oklob_altar
Lair:6:   hellmonk_lair_end_abyssal_woods, layout_regular_city
Swamp:1:  layout_falls_marsh, nicolae_swamp_dense_foliage, swamp_pool1,
          infiniplex_staircase_pool_2
Swamp:2:  layout_falls_marsh, hangedman_swamp_ruin_wall, swamp_pool3,
          uniq_frances
Swamp:3:  layout_basic_swamp, evilmike_swamp_ruin_rubble_1, grunt_hermit_hut
Swamp:4:  swamp_alternative, layout_basic_swamp, swamp_pool4,
          nicolae_swamp_alligator_family, infiniplex_staircase_pool
Snake:1:  layout_chambers, grunt_ministairs_8
Snake:2:  layout_onion_interference, serial_shops, shop,
          gammafunk_ghost_cemetery
Snake:3:  layout_gridlike
Snake:4:  grunt_snake_rune_pools, layout_layer_cave, ebering_ghost_inner_flame,
          guppyfry_snake_island, serial_bayou_shore_a, uniq_nikola, uniq_aizul
Orc:1:    layout_diamond_mine, uniq_josephine
Orc:2:    pubby_orc_utopia, serial_shops, uniq_nessos
Elf:1:    eino_elf_arrival_altar, layout_rooms, minmay_elf_demonology,
          uniq_louise
Elf:2:    nicolae_elf_blades_splatter_lattice
          [nicolae_blade_entry_sentries_behind_glass], layout_loops_cross,
          uniq_jorgrun
Elf:3:    minmay_elf_hall_circle, layout_geoelf_castle

Skill      XL: |  1  2  3  4  5  6  7  8  9 10 11 12 13 14 15 16 17 18 19 20 21 |
---------------+----------------------------------------------------------------+-----
Spellcasting   | 3 4 6 7 9 10 11 13 14 16 17 18 | 18.2
Fighting       | 4 6 7 8 10 11 12 13 14 15 17 19 20 | 20.1
Evocations     | 2 3 4 5 8 |  8.0
Dodging        | 4 6 8 11 13 15 | 15.6
Shields        | 1 4 9 14 15 | 15.0
Polearms       | 1 5 8 |  8.5
Short Blades   | |  2.6

Action                   |  1- 3 |  4- 6 |  7- 9 | 10-12 | 13-15 | 16-18 | 19-21 || total
-------------------------+-------+-------+-------+-------+-------+-------+-------++-------
Melee: Short sword       |    29 |    41 |     1 |     1 |       |       |       ||    72
       Staff             |       |       |       |    19 |   148 |    83 |     3 ||   253
       Unarmed           |       |       |       |     2 |       |       |       ||     2
       Lance             |       |       |       |       |       |     8 |   283 ||   291
 Cast: Scorch            |    25 |    68 |   134 |   324 |       |     1 |       ||   552
       Apportation       |     1 |       |       |       |       |       |     2 ||     3
       Static Discharge  |       |     9 |    15 |    26 |    37 |    43 |       ||   130
       Swiftness         |       |       |     1 |       |       |       |       ||     1
       Fulminant Prism   |       |       |       |    60 |    45 |    22 |       ||   127
       Ice Form          |       |       |       |     1 |       |       |       ||     1
       Borgnjor's Vile C |       |       |       |       |   392 |   345 |    27 ||   764
       Dispersal         |       |       |       |       |     4 |     9 |     2 ||    15
       Eringya's Noxious |       |       |       |       |       |    22 |     9 ||    31
       Orb of Destructio |       |       |       |       |       |       |   435 ||   435
       Maxwell's Capacit |       |       |       |       |       |       |     3 ||     3
Invok: Sea of Fire       |       |       |       |     2 |       |       |       ||     2
 Abil: End Transformatio |       |       |       |     1 |       |       |       ||     1
Evoke: Wand              |       |       |       |    19 |     6 |    27 |       ||    52
       Phantom mirror    |       |       |       |       |       |     4 |     1 ||     5
       Phial of floods   |       |       |       |       |       |     1 |     1 ||     2
  Use: Scroll            |     3 |     2 |     3 |    22 |     8 |    13 |    14 ||    65
       Potion            |       |       |       |     6 |     2 |    18 |       ||    26
 Stab: Distracted        |       |       |       |       |       |       |     1 ||     1
Armor: Robe              |     9 |    11 |    26 |    43 |       |       |       ||    89
       Ring mail         |       |       |       |    25 |       |       |       ||    25
       Troll leather arm |       |       |       |    94 |   201 |    86 |   102 ||   483
       Skin              |       |       |       |    17 |       |       |       ||    17
Dodge: Dodged            |    20 |    41 |    51 |   224 |   214 |   267 |   222 ||  1039
Block: Other             |       |     7 |       |       |       |       |       ||     7
       Buckler           |       |       |       |     1 |    98 |     5 |       ||   104
       Kite shield       |       |       |       |       |       |   225 |   298 ||   523

Table legend: (Time is in decaauts)
 A = Elapsed time spent in this place.
 B = Non-inter-level travel time spent in this place.
 C = Inter-level travel time spent in this place.
 D = Time resting spent in this place.
 E = Time spent auto-exploring this place.
 F = Levels seen in this place.
 G = Mean time per level.
                   A        B        C        D        E       F      G
               +--------+--------+--------+--------+--------+-----+--------+
         Total |  37538 |  35512 |   2026 |   1117 |  26695 |  38 |  987.8 |
       Dungeon |  15126 |  14447 |    679 |    690 |  11107 |  15 | 1008.4 |
          Lair |   6588 |   5864 |    724 |     24 |   4842 |   6 | 1098.0 |
         Swamp |   3129 |   3019 |    110 |     11 |   2339 |   4 |  782.2 |
     Snake Pit |   4860 |   4768 |     92 |     83 |   3927 |   4 | 1215.0 |
  Orcish Mines |   2337 |   2156 |    181 |     47 |   1425 |   2 | 1168.5 |
   Elven Halls |   3855 |   3618 |    237 |    192 |   2287 |   3 | 1285.0 |
         Abyss |    604 |    604 |      0 |      8 |    289 |   1 |  604.0 |
       Ossuary |    211 |    211 |      0 |      0 |    130 |   1 |  211.0 |
        Bailey |    512 |    512 |      0 |     22 |    207 |   1 |  512.0 |
      Gauntlet |    312 |    312 |      0 |     40 |    139 |   1 |  312.0 |
               +--------+--------+--------+--------+--------+-----+--------+

Top non-repeatable levels by time:
     D:2: 2027 daAuts
   Elf:3: 1903 daAuts
     D:3: 1757 daAuts
   Orc:2: 1662 daAuts
 Snake:2: 1379 daAuts
 Snake:4: 1321 daAuts
     D:4: 1317 daAuts
  Lair:6: 1286 daAuts
 Snake:1: 1286 daAuts
  Lair:1: 1211 daAuts
    D:12: 1183 daAuts
     D:1: 1147 daAuts
  Lair:3: 1145 daAuts
    D:11: 1095 daAuts
     D:5: 1072 daAuts
